 Dungeon Crawl Stone Soup version 0.29.1-15-g9cfb28693d (webtiles) character file.

Game seed: 11058371739779995328

8398 386 the Fighter (level 11, -7/88 (104) HPs)
             Began as a Hill Orc Fighter on Mar 21, 2023.
             Was a High Priest of Okawaru.
             Killed from afar by a deep elf pyromancer (32 damage)
             ... with a bolt of fire
             ... on level 10 of the Dungeon.
             The game lasted 01:20:52 (8091 turns).

386 the Fighter (Hill Orc Fighter)                  Turns: 8091, Time: 01:20:54

HP:   -7/88 (104)   AC: 20    Str: 22    XL:     11   Next: 30%
MP:   13/13         EV: 11    Int: 15    God:    Okawaru [*****.]
Gold: 454           SH:  5    Dex:  9    Spells: 10/10 levels left

rFire   . . .      SeeInvis .   P - +0 war axe (venom)
rCold   + . .      Faith    .   c - +0 buckler
rNeg    . . .      Spirit   .   Q - quicksilver dragon scales of Oziali {+Inv Will+ Int+3 Dex-3}
rPois   +          Reflect  .   C - +2 hat
rElec   .          Harm     .   n - +2 cloak
rCorr   .          Rampage  .   N - +0 pair of gloves
Will    +....                   (no boots)
Stlth   +.........              g - amulet of regeneration
HPRegen 1.04/turn               v - ring "Adaoted" {rPois rC+ Int+4 Stlth+}
MPRegen 0.13/turn               (no ring)

@: heavily drained
A: no striking features
a: Renounce Religion, Evoke Invisibility, Heroism, Finesse, Duel


You were on level 10 of the Dungeon.
You worshipped Okawaru.
Okawaru was extremely pleased with you.
You visited 2 branches of the dungeon, and saw 11 of its levels.

You collected 476 gold pieces.
You spent 22 gold pieces at shops.

Inventory:

Hand Weapons
 O - a +2 battleaxe of freezing
 P - a +0 war axe of venom (weapon)
Missiles
 h - 3 javelins
 l - 4 silver javelins
 H - 7 poisoned darts (quivered)
Armour
 c - a +0 buckler (worn)
 e - a +0 plate armour
 n - a +2 cloak (worn)
 w - a +0 chain mail
 C - a +2 hat (worn)
 N - a +0 pair of gloves (worn)
 Q - the quicksilver dragon scales of Oziali (worn) {+Inv Will+ Int+3 Dex-3}
   (You found it on level 10 of the Dungeon)

   Int:       It affects your intelligence (+3).
   Dex:       It affects your dexterity (-3).
   +Inv:      It lets you turn invisible.
   Will:      It increases your willpower.
 R - the +3 tower shield of the Unbroken {rPois}
   (Okawaru gifted it to you on level 10 of the Dungeon)

   rPois:     It protects you from poison.
Jewellery
 g - an amulet of regeneration (around neck)
 v - the ring "Adaoted" (left hand) {rPois rC+ Int+4 Stlth+}
   (You found it on level 3 of the Dungeon)

   [ring of poison resistance]

   Int:       It affects your intelligence (+4).
   rC:        It protects you from cold.
   rPois:     It protects you from poison.
   Stlth:     It makes you more stealthy.
 F - an amulet of reflection
Wands
 o - a wand of roots (10)
 B - a wand of acid (9)
 E - a wand of flame (21)
 I - a wand of paralysis (22)
Scrolls
 f - 6 scrolls of identify
 i - 4 scrolls of teleportation
 m - 4 scrolls of immolation {unknown}
 r - 2 scrolls of magic mapping {unknown}
 s - 2 scrolls of enchant armour {unknown}
 t - 2 scrolls of amnesia {unknown}
 y - 4 scrolls of butterflies
 G - 3 scrolls of brand weapon
 J - a scroll of vulnerability {unknown}
 L - 2 scrolls of blinking {unknown}
 M - a scroll of poison {unknown}
Potions
 d - 3 potions of might
 k - 2 potions of degeneration {unknown}
 p - 2 potions of invisibility
 q - 2 potions of curing
 u - 2 potions of attraction
 x - 2 potions of heal wounds {unknown}
 z - a potion of haste {unknown}
 A - 4 potions of mutation
 D - 3 potions of flight
 K - 2 potions of cancellation {unknown}


   Skills:
 + Level 11.8 Fighting
 - Level 0.8(1.0) Short Blades
 - Level 0.8(1.1) Long Blades
 + Level 9.5 Axes
 - Level 0.6 Staves
 - Level 0.6 Ranged Weapons
 + Level 2.1 Throwing
 + Level 10.0 Armour
 - Level 2.0 Dodging
 - Level 0.1 Stealth
 - Level 6.0 Shields
 - Level 0.4 Spellcasting
 - Level 0.7 Conjurations
 - Level 0.9 Hexes
 - Level 0.7 Summonings
 - Level 0.7 Necromancy
 - Level 0.6 Translocations
 - Level 0.5 Transmutations
 - Level 1.0 Fire Magic
 - Level 0.7 Ice Magic
 - Level 1.2 Air Magic
 - Level 0.9 Earth Magic
 - Level 0.7 Poison Magic
 + Level 3.2 Invocations
 - Level 4.0 Evocations


You had 10 spell levels left.
You didn't know any spells.
Your spell library contained the following spells:

 Spells                   Type           Power      Damage    Failure   Level
 Necrotise                Necr           8%         1d4       34%         1
 Apportation              Tloc           4%         N/A       36%         1
 Conjure Flame            Conj/Fire      3%         6-21      69%         3
 Ignite Poison            Fire/Tmut/Pois 2%         N/A       71%         3
 Airstrike                Air            2%         2d(1-17)  96%         4
 Sticky Flame             Conj/Fire      3%         2d3       97%         4
 Freezing Cloud           Conj/Ice/Air   1%         6-21      100%        5
 Maxwell's Capacitive Co  Air            2%         ∞         100%        8
 Summon Small Mammal      Summ           Unusable   N/A       N/A         1

Dungeon Overview and Level Annotations

Branches:
Dungeon (10/15)            Temple (1/1) D:4
   Lair: D:8-11         Orc: D:9-12

Altars:
Ashenzari
Cheibriados
Dithmenos
Elyvilon
Fedhas
Gozag
Hepliaklqana
Kikubaaqudgha
Makhleb
Nemelex Xobeh
Okawaru
Qazlal
Ru
Sif Muna
Trog
Uskayaw
Vehumet
Wu Jian
Xom
Yredelemnul
Zin
The Shining One

Shops:
D:2 ?

Annotations:
D:3 3 runed translucent doors, Goreval's ghost, amateur MfTm; henkyspanky's ghost, amateur HOAK
D:6 1 runed translucent door, H0rd4k's ghost, novice OpAr


Message History

The fire elemental burns you!
You barely miss the fire elemental.
The fire elemental is almost destroyed.
The fire elemental hits you. The fire elemental burns you!
You are too injured to fight recklessly!
You completely miss the fire elemental.
The fire elemental is almost destroyed.
The fire elemental hits you. The fire elemental burns you!
The fire elemental hits you. The fire elemental burns you!
You are too injured to fight recklessly!
You slash the fire elemental!
You destroy the fire elemental!
The fire elemental disappears in a puff of smoke!
The deep elf pyromancer casts a spell.
The deep elf pyromancer blinks!
You are too injured to fight recklessly!
You are too injured to fight recklessly!
You are too injured to fight recklessly!
You are too injured to fight recklessly!
The fire elemental barely misses you.
You slash the fire elemental!
The fire elemental is lightly damaged.
The fire elemental hits you. The fire elemental burns you!
You completely miss the fire elemental.
The fire elemental is lightly damaged.
The fire elemental completely misses you.
The fire elemental hits you. The fire elemental burns you!
* * * LOW HITPOINT WARNING * * *
You feel better. The fire elemental hits you. The fire elemental burns you!
You slash the fire elemental!
The fire elemental is heavily damaged.
The fire elemental hits you. The fire elemental burns you!
* * * LOW HITPOINT WARNING * * *
You slash the fire elemental!
The fire elemental is almost destroyed.
You block the fire elemental's attack. x2
The deep elf pyromancer points at you and mumbles some strange words.
The bolt of fire hits the fire elemental.
The fire elemental completely resists.
The bolt of fire hits you!!
You die...

### ### #.# ###.# #.# #...# #.#
#...# #.# #...#
################.#
#####...###).e.E@..........#
............########.......#
......§....☼#......#.......#
...........°#......'.......######
#######.)...#......#............#
.#..'⌠#..E..#......#......#######
.#|.###....E#......#......#
.#....#....e#......'......#
.#....#...>.#......#......#


You could see a deep elf pyromancer and a fire elemental (summoned).

Vanquished Creatures
  Josephine (D:10)
  An ogre mage (D:10)
  A boulder beetle (D:10)
  Erolcha (D:9)
  Pikel (D:3)
  Maurice (D:9)
  Psyche (D:8)
  A slime creature (D:10)
  Grinder (D:5)
  Sigmund (D:4)
  2 wyverns
  4 wraiths (D:10)
  A human (D:5)
  A steam dragon (D:7)
  Menkaure (D:4)
  A water moccasin (D:7)
  2 ice beasts
  An orc warrior (D:3)
  2 ogres
  3 centaurs
  A boggart (D:10)
  4 lemures (D:3)
  A phantom (D:4)
  A kobold brigand (D:8)
  A bullfrog (D:8)
  2 necrophages
  2 scorpions
  4 wights
  13 killer bees
  2 howler monkeys
  A human zombie (D:5)
  An orc priest (D:5)
  4 hounds
  A jelly (D:6)
  3 gnoll boudas
  Crazy Yiuf (D:4)
  Jessica (D:2)
  2 iguanas (D:5)
  8 orc wizards
  Robin (D:2)
  9 adders
  12 gnolls
  A shadow imp (D:5)
  2 white imps
  3 ufetubi
  4 dart slugs
  30 orcs
  8 ball pythons
  3 endoplasms
  2 giant cockroaches (D:4)
  6 hobgoblins
  4 quokkas
  2 bats
  2 frilled lizards
  11 goblins
  A goblin skeleton (D:5)
  A jackal zombie (D:5)
  7 kobolds
  8 rats
198 creatures vanquished.

Vanquished Creatures (others)
  An orc priest (D:4)
  6 withered plants (D:3)
7 creatures vanquished.

Grand Total: 205 creatures vanquished

Notes
Turn   | Place    | Note
-------+----------+-------------------------------------------
     0 | D:1      | 386 the Hill Orc Fighter began the quest for the Orb.
     0 | D:1      | Reached XP level 1. HP: 19/19 MP: 1/1
   237 | D:1      | Reached XP level 2. HP: 27/27 MP: 2/2
   483 | D:1      | You fall into a shaft and drop 1 floor!
   509 | D:2      | Noticed Robin
   522 | D:2      | Reached skill level 4 in Fighting
   522 | D:2      | Reached XP level 3. HP: 27/33 MP: 3/3
   529 | D:2      | Killed Robin
   748 | D:2      | Noticed Jessica
   757 | D:2      | Killed Jessica
   758 | D:2      | Reached XP level 4. HP: 31/40 MP: 4/4
   928 | D:2      | Found Pyucor's Magic Scroll Shop.
   931 | D:2      | Bought a scroll of identify for 22 gold pieces
  1072 | D:2      | Found a hide-covered altar of Uskayaw.
  1129 | D:2      | Found a faded altar of an unknown god.
  1511 | D:3      | Identified the ring "Adaoted" {rPois rC+ Int+4 Stlth+}
  1527 | D:3      | Reached XP level 5. HP: 38/46 MP: 5/5
  1592 | D:3      | Reached skill level 5 in Axes
  1798 | D:3      | Reached skill level 1 in Dodging
  1801 | D:3      | Found a runed translucent gate.
  1801 | D:3      | Found a runed translucent gate.
  1801 | D:3      | Found a runed translucent gate.
  1920 | D:3      | Noticed Goreval's ghost (amateur MfTm)
  1921 | D:3      | Noticed henkyspanky's ghost (amateur HOAK)
  2172 | D:4      | Noticed Pikel
  2172 | D:4      | Noticed a lemure
  2172 | D:4      | Noticed a lemure
  2172 | D:4      | Noticed a lemure
  2172 | D:4      | Noticed a lemure
  2221 | D:4      | Found a stormy altar of Qazlal.
  2225 | D:4      | Noticed a phantom
  2243 | D:4      | Killed a phantom
  2244 | D:4      | Reached XP level 6. HP: 53/53 MP: 6/6
  2354 | D:4      | Noticed Sigmund
  2389 | D:4      | Killed Sigmund
  2390 | D:4      | Reached skill level 5 in Fighting
  2390 | D:4      | Reached XP level 7. HP: 53/61 MP: 7/7
  2393 | D:4      | Noticed Menkaure
  2414 | D:4      | Killed Menkaure
  2435 | D:4      | Found a shimmering blue altar of Sif Muna.
  2676 | D:3      | Killed Pikel
  2677 | D:3      | Reached skill level 1 in Fire Magic
  2677 | D:3      | Reached skill level 1 in Air Magic
  2677 | D:3      | Reached skill level 1 in Invocations
  2677 | D:3      | Reached XP level 8. HP: 44/68 MP: 7/9
  2839 | D:4      | Found a runed translucent door.
  2840 | D:4      | Noticed Crazy Yiuf
  2847 | D:4      | Killed Crazy Yiuf
  3016 | D:4      | Found a staircase to the Ecumenical Temple.
  3021 | Temple   | Entered the Ecumenical Temple
  3099 | Temple   | Became a worshipper of Warmaster Okawaru
  3275 | D:5      | Entered Level 5 of the Dungeon
  3313 | D:5      | Reached skill level 5 in Armour
  3336 | D:5      | Noticed Grinder
  3349 | D:5      | Killed Grinder
  3350 | D:5      | Reached skill level 6 in Fighting
  3403 | D:5      | Reached * piety under Okawaru
  3457 | D:5      | Found a runed translucent door.
  3476 | D:5      | Found a basalt altar of Yredelemnul.
  3499 | D:5      | Reached XP level 9. HP: 75/78 MP: 10/10
  4447 | D:6      | Reached skill level 7 in Fighting
  4512 | D:6      | Reached skill level 5 in Shields
  4577 | D:6      | Reached ** piety under Okawaru
  4955 | D:6      | Found a runed translucent door.
  4956 | D:6      | Found a shimmering altar of Xom.
  4956 | D:6      | Noticed H0rd4k's ghost (novice OpAr)
  4957 | D:6      | Noticed a +1 mace of chaos
  5601 | D:7      | Reached skill level 8 in Fighting
  5862 | D:8      | Noticed Psyche
  5877 | D:8      | Killed Psyche
  5878 | D:8      | Reached XP level 10. HP: 90/90 MP: 12/12
  5998 | D:8      | Reached skill level 1 in Evocations
  5998 | D:8      | Reached *** piety under Okawaru
  6222 | D:8      | Reached skill level 1 in Throwing
  6961 | D:9      | Noticed Erolcha
  6986 | D:9      | Killed Erolcha
  6987 | D:9      | Reached skill level 9 in Fighting
  7043 | D:9      | Noticed Maurice
  7069 | D:9      | Killed Maurice
  7069 | D:9      | Reached **** piety under Okawaru
  7131 | D:10     | Entered Level 10 of the Dungeon
  7335 | D:10     | Noticed a six-headed hydra
  7516 | D:10     | Noticed a boulder beetle
  7516 | D:10     | Noticed a deep elf pyromancer
  7524 | D:10     | Noticed Josephine
  7560 | D:10     | Killed a boulder beetle
  7560 | D:10     | Received a gift from Okawaru
  7561 | D:10     | Reached skill level 10 in Fighting
  7579 | D:10     | Killed Josephine
  7579 | D:10     | Reached ***** piety under Okawaru
  7580 | D:10     | Reached skill level 11 in Fighting
  7580 | D:10     | Reached XP level 11. HP: 55/102 MP: 13/13
  7648 | D:10     | Reached skill level 10 in Armour
  7661 | D:10     | Noticed an ogre mage
  7677 | D:10     | Killed an ogre mage
  7681 | D:10     | Identified the quicksilver dragon scales of Oziali {+Inv
                  | Will+ Int+3 Dex-3}
  7686 | D:10     | Got Eripi's Omnibus of the Birds
  7819 | D:10     | Identified the +3 tower shield of the Unbroken {rPois}
                  | (Okawaru gifted it to you on level 10 of the Dungeon)
  7819 | D:10     | Received a gift from Okawaru
  8091 | D:10     | Killed from afar by a deep elf pyromancer

Illustrated notes

Levels and vault maps discovered:
D:1:      scummos_arrival_forest, layout_loops_ring
D:2:      layout_loops_ring, shapermc_ecumenical_altar_petra, serial_shops,
          nicolae_shop_behind_doors, basic_altar,
          chequers_serial_rivers_large_b, uniq_robin, uniq_jessica
D:3:      layout_loops_cross, gammafunk_ghost_cemetery
D:4:      layout_rooms, tgw_sif, nicolae_qazlal_scattered_showers,
          minmay_temple_entry_nine_rooms, uniq_pikel, uniq_crazy_yiuf_cottage,
          uniq_sigmund, uniq_menkaure
D:5:      layout_cave_pools, dk_yredelemnul_ordeal, uniq_grinder
D:6:      layout_layer_cave, ebering_ghost_xom, grunt_ministairs_1
D:7:      layout_basic, minmay_bent
D:8:      layout_cave_pods, uniq_psyche
D:9:      minmay_skewed_foursquare, layout_rooms, columned_hall_lemuel,
          uniq_prince_ribbit1, uniq_maurice, uniq_erolcha
D:10:     minmay_shrinking_squares, layout_irregular_city, uniq_josephine
Temple:   compressed_dpeg_triangle_lava_temple

Skill      XL: |  1  2  3  4  5  6  7  8  9 10 11 |
---------------+----------------------------------+-----
Axes           | 3 4 5 6 7 8 9 |  9.5
Fighting       | 4 5 6 8 11 | 11.8
Armour         | 4 5 7 9 10 | 10.0
Shields        | 4 6 |  6.0
Dodging        | 1 2 |  2.0
Fire Magic     | 1 |  1.0
Air Magic      | 1 |  1.2
Invocations    | 1 2 3 |  3.2
Evocations     | 4 |  4.0
Throwing       | 2 |  2.1
Short Blades   | |  0.8
Long Blades    | |  0.8
Staves         | |  0.6
Ranged Weapons | |  0.6
Stealth        | |  0.1
Spellcasting   | |  0.4
Conjurations   | |  0.7
Hexes          | |  0.9
Summonings     | |  0.7
Necromancy     | |  0.7
Translocations | |  0.6
Transmutations | |  0.5
Ice Magic      | |  0.7
Earth Magic    | |  0.9
Poison Magic   | |  0.7

Action                   |  1- 3 |  4- 6 |  7- 9 | 10-12 || total
-------------------------+-------+-------+-------+-------++-------
Melee: War axe           |    71 |   148 |   344 |   245 ||   808
Throw: Javelin           |       |       |     2 |       ||     2
       Dart              |       |       |       |     1 ||     1
Invok: Heroism           |       |       |       |     4 ||     4
  Use: Scroll            |       |       |     8 |       ||     8
       Potion            |       |       |       |     2 ||     2
Armor: Scale mail        |    39 |    49 |       |       ||    88
       Chain mail        |       |    36 |   178 |   116 ||   330
       Skin              |       |       |     1 |       ||     1
       Quicksilver drago |       |       |       |    36 ||    36
Dodge: Dodged            |    44 |    50 |   105 |   117 ||   316
Block: Buckler           |    12 |    27 |    64 |    73 ||   176
